 Dungeon Crawl Stone Soup version 0.30.1-9-gdf580d7c3d (webtiles) character file.

Game seed: 4536061501127405019

3386 Ninjinzu the Reanimator (level 9, -2/62 HPs)
             Began as a Demonspawn Necromancer on Oct 1, 2023.
             Was an Initiate of Ashenzari.
             Slain by a vampire mosquito (3 damage)
             ... on level 8 of the Dungeon.
             The game lasted 00:27:58 (7232 turns).

Ninjinzu the Reanimator (Demonspawn Necromancer)    Turns: 7232, Time: 00:27:58

Health: -2/62      AC:  4    Str:  9    XL:     9   Next: 74%
Magic:  21/22      EV: 12    Int: 21    God:    Ashenzari [......]
Gold:   181        SH:  0    Dex: 13    Spells: 22/26 levels left

rFire   + . .        A - +2 trident (venom)
rCold   + + +        (no shield)
rNeg    . . .        l - +0 robe {rC+}
rPois   +            (no helmet)
rElec   +            z - +0 cloak
rCorr   +            (no gloves)
SInv    .            h - +0 pair of boots
Will    .....        r - amulet of regeneration
Stlth   ++           x - ring of protection from cold
HPRegen 1.10/turn    (no ring)
MPRegen 0.18/turn

%: no passive effects
@: mighty, resistant, attractive
A: ignite blood 1, spiny 2, weakness stinger 1
a: Renounce Religion, Curse Item


You were on level 8 of the Dungeon.
You worshipped Ashenzari.
Ashenzari was noncommittal.
You visited 1 branch of the dungeon, and saw 8 of its levels.

You collected 351 gold pieces.
You spent 170 gold pieces at shops.

Inventory:

Hand Weapons
 j - a +0 dagger of pain
 m - a +2 whip of holy wrath
 o - a +2 heavy spear
 A - a +2 trident of venom (weapon)
Armour
 a - a +0 robe
 h - a +0 pair of boots (worn)
 l - a +0 robe of cold resistance (worn)
 z - a +0 cloak (worn)
Jewellery
 r - an amulet of regeneration (around neck)
 x - a ring of protection from cold (left hand)
Wands
 p - a wand of paralysis (9) (quivered)
 F - a wand of digging (4)
 G - a wand of iceblast (10)
Scrolls
 d - 3 scrolls of teleportation {unknown}
 e - a scroll of fog {unknown}
 f - a scroll of blinking {unknown}
 g - 13 scrolls of identify {unknown}
 i - a scroll of torment {unknown}
 n - 2 scrolls of noise {unknown}
 s - a scroll of enchant weapon {unknown}
 u - 2 scrolls of magic mapping {unknown}
 w - a scroll of immolation {unknown}
 y - 2 scrolls of vulnerability {unknown}
 B - a scroll of poison {unknown}
 C - 2 scrolls of enchant armour {unknown}
Potions
 b - 2 potions of magic
 c - 3 potions of attraction
 k - a potion of berserk rage {unknown}
 q - a potion of degeneration {unknown}
 t - a potion of lignification {unknown}
 v - 2 potions of might
 E - a potion of haste {unknown}


   Skills:
 + Level 2.3 Fighting
 + Level 1.1 Short Blades
 + Level 1.0 Polearms
 + Level 3.0 Dodging
 + Level 3.1 Stealth
 + Level 9.0 Spellcasting
 + Level 10.5 Necromancy
 + Level 0.3 Evocations


You had 22 spell levels left.
You knew the following spells:

 Your Spells              Type           Power      Damage    Failure   Level
a - Necrotise             Necr           100%       1d9       1%          1
b - Vampiric Draining     Necr           52%        2d9       1%          3

Your spell library contained the following spells:

 Spells                   Type           Power      Damage    Failure   Level
 Animate Dead             Necr           52%        N/A       1%          4
 Agony                    Necr           52%        N/A       2%          5
 Foxfire                  Conj/Fire      36%        2x1d5     7%          1
 Fireball                 Conj/Fire      4%         3d4       89%         5
 Plasma Beam              Fire/Air       4%         2x1d16    100%        6
 Starburst                Conj/Fire      4%         6d4       100%        6


Dungeon Overview and Level Annotations

Branches:
Dungeon (8/15)             Temple (0/1) D:5
   Lair: D:8-11

Altars:
Ashenzari
Makhleb
Nemelex Xobeh
Qazlal
Wu Jian

Shops:
D:3 !   D:4 *   D:7 [


Innate Abilities, Weirdness & Mutations

Your demonic aura sometimes causes spilled blood to erupt in flames.
You are mostly covered in sharp spines.
You have a small tail.


Message History

The vampire mosquito barely misses you.
The vampire mosquito is struck by your spines.
The vampire mosquito closely misses you.
The vampire mosquito attacks as you move away!
The vampire mosquito barely misses you. The vampire mosquito bites you.
* * * LOW HITPOINT WARNING * * *
The vampire mosquito draws strength from your injuries!
The vampire mosquito barely misses you. The vampire mosquito bites you!
* * * LOW HITPOINT WARNING * * *
The vampire mosquito draws strength from your injuries!
It was a potion of attraction.
You feel attractive to monsters.
The vampire mosquito is engulfed in blazing flames.
The vampire mosquito is struck by your spines.
You destroy the vampire mosquito!
The vampire mosquito misses you.
The vampire mosquito closely misses you.
The vampire mosquito is struck by your spines.
The vampire mosquito closely misses you.
The vampire mosquito is struck by your spines.
The vampire mosquito misses you.
The vampire mosquito is attracted toward you.
Your Polearms skill increases to level 1!
Your Dodging skill increases to level 3!
Your Spellcasting skill increases to level 9!
It was a potion of resistance.
You feel protected. The vampire mosquito barely misses you.
The vampire mosquito is struck by your spines.
The vampire mosquito bites you.
* * * LOW HITPOINT WARNING * * *
The vampire mosquito draws strength from your injuries!
The vampire mosquito is struck by your spines.
The vampire mosquito bites you.
* * * LOW HITPOINT WARNING * * *
The vampire mosquito draws strength from your injuries!
The vampire mosquito is struck by your spines.
The vampire mosquito bites you.
You die...

.......#....y...
.......#'####
#.....#....####
#.....#.......#
#.....#.......#
#.....#...(...#
#.....#.......+
#..y..'.......#
#.@y..#.......#
#..y..#......######
####+##.....########.....
........##'##............
........#...+............
........#...#............
........#...#......<.†...
........#####............
..............####'#†....


You could see 3 vampire mosquitoes.

Vanquished Creatures
  The ghost of croobank the Covert, a novice GnDe of Qazlal (D:7)
  Grinder (D:4)
  2 slime creatures (D:5)
  A steam dragon (D:8)
  A vampire mosquito (D:8)
  2 black bears (D:7)
  An orc warrior (D:7)
  2 ogres (D:5)
  3 phantoms
  2 kobold brigands (D:5)
  A bullfrog (D:6)
  6 killer bees (D:8)
  A howler monkey (D:7)
  6 jellies
  6 hounds
  5 orc priests
  5 iguanas
  3 orc wizards
  4 gnolls (D:4)
  6 adders
  2 shadow imps (D:6)
  An ufetubus (D:4)
  2 dart slugs
  17 orcs
  4 endoplasms
  4 giant cockroaches
  6 hobgoblins
  4 jackals (D:4)
  12 kobolds
  2 quokkas
  6 ball pythons
  4 bats
  3 frilled lizards (D:1)
  A goblin (D:2)
  4 rats
131 creatures vanquished.

Vanquished Creatures (collateral kills)
  A dart slug (D:3)
  A ball python (D:2)
  An endoplasm (D:1)
  A hobgoblin (D:2)
  A kobold (D:2)
5 creatures vanquished.

Grand Total: 136 creatures vanquished

Notes
Turn   | Place    | Note
-------+----------+-------------------------------------------
     0 | D:1      | Ninjinzu the Demonspawn Necromancer began the quest for the
                  | Orb.
     0 | D:1      | Reached XP level 1. HP: 13/13 MP: 3/3
   263 | D:1      | Gained mutation: You have a small tail. [demonic ancestry]
   263 | D:1      | Reached XP level 2. HP: 19/19 MP: 1/5
   941 | D:2      | Found a faded altar of an unknown god.
  1278 | D:2      | Reached XP level 3. HP: 24/24 MP: 2/7
  1521 | D:2      | Reached skill level 5 in Necromancy
  1777 | D:3      | Found a broken altar of Ashenzari.
  1864 | D:3      | Became a worshipper of Ashenzari the Shackled
  1869 | D:3      | Learned a level 3 spell: Vampiric Draining
  1966 | D:3      | Found a burning altar of Makhleb.
  2064 | D:3      | Gained mutation: You are partially covered in sharp spines.
                  | [demonic ancestry]
  2064 | D:3      | Reached XP level 4. HP: 15/30 MP: 0/8
  2317 | D:3      | Found Lustroos's Distillery.
  2328 | D:3      | Bought 2 potions of curing for 60 gold pieces
  2328 | D:3      | Bought a potion of curing for 30 gold pieces
  2328 | D:3      | Bought a potion of magic for 80 gold pieces
  2577 | D:4      | Found Ruxunt's Fire Supplies.
  2662 | D:4      | Reached skill level 6 in Necromancy
  2662 | D:4      | Reached XP level 5. HP: 35/35 MP: 7/10
  2685 | D:4      | Noticed Grinder
  2705 | D:4      | Paralysed by Grinder for 4 turns
  2728 | D:4      | Paralysed by Grinder for 5 turns
  2758 | D:4      | Paralysed by Grinder for 3 turns
  2761 | D:4      | Killed Grinder
  2762 | D:4      | Gained mutation: You are mostly covered in sharp spines.
                  | [demonic ancestry]
  2762 | D:4      | Reached XP level 6. HP: 25/42 MP: 10/12
  2834 | D:4      | Found a sparkling altar of Nemelex Xobeh.
  3298 | D:4      | Reached skill level 1 in Short Blades
  3328 | D:4      | Reached skill level 7 in Necromancy
  3583 | D:5      | Entered Level 5 of the Dungeon
  3593 | D:5      | Gained mutation: Your demonic aura sometimes causes spilled
                  | blood to erupt in flames. [demonic ancestry]
  3593 | D:5      | Reached XP level 7. HP: 20/47 MP: 5/13
  3697 | D:5      | Found a stormy altar of Qazlal.
  3901 | D:5      | Reached skill level 5 in Spellcasting
  4414 | D:5      | Reached skill level 1 in Fighting
  4414 | D:5      | Reached XP level 8. HP: 54/54 MP: 8/16
  4491 | D:5      | Noticed a slime creature
  4510 | D:5      | Killed a slime creature
  4511 | D:5      | Reached skill level 8 in Necromancy
  4511 | D:5      | Noticed a slime creature
  4640 | D:5      | Killed a slime creature
  4756 | D:5      | Found a staircase to the Ecumenical Temple.
  5323 | D:6      | Reached skill level 9 in Necromancy
  5500 | D:6      | Found an ornate altar of the Wu Jian Council.
  5755 | D:6      | You fall into a shaft and drop 1 floor!
  5798 | D:7      | Reached XP level 9. HP: 58/61 MP: 17/20
  6001 | D:7      | Found a large runed translucent door.
  6002 | D:7      | Found a large runed translucent door.
  6002 | D:7      | Noticed croobank's ghost (novice GnDe)
  6196 | D:7      | Found Uptit's Armour Emporium.
  6885 | D:7      | Killed croobank's ghost
  6886 | D:7      | Reached skill level 10 in Necromancy
  7231 | D:8      | Reached skill level 1 in Polearms
  7232 | D:8      | HP: 1/62 [vampire mosquito (6)]
  7232 | D:8      | Slain by a vampire mosquito

Illustrated notes

Levels and vault maps discovered:
D:1:      grunt_arrival_crossed_arrows, layout_loops_ring
D:2:      layout_loops_ring, ebering_ecumenical_altar_hall
D:3:      layout_rooms, amcnicky_altar_gilded, pf_just_have_faith, serial_shops,
          nicolae_shop_industrial_runoff
D:4:      wad_crossroads, layout_basic, nemelex_spade_bored_becter,
          skrybe_limestone_x, nicolae_shop_fire_sale [nicolae_sub_dead_trees],
          uniq_grinder
D:5:      cheibrodos_fertilizer, layout_loops_cross,
          mainiacjoe_overflow_surrounded_room, minmay_temple_entry_tees,
          kennysheep_generic_room_2
D:6:      layout_gridville, nicolae_wu_jian_immortal_techniques, kennysheep_mini
D:7:      layout_loops_ring, ebering_ghost_disaster_area, serial_shops, shop
D:8:      layout_gridville, kennysheep_mini_moat,
          mainiacjoe_overflow_tiny_flanked

Skill      XL: |  1  2  3  4  5  6  7  8  9 |
---------------+----------------------------+-----
Necromancy     | 5 6 7 9 10 | 10.5
Spellcasting   | 3 4 5 7 9 |  9.0
Stealth        | 2 3 |  3.1
Dodging        | 2 3 |  3.0
Short Blades   | 1 |  1.1
Fighting       | 1 2 |  2.3
Polearms       | 1 |  1.0
Evocations     | |  0.3

Action                     |  1- 3 |  4- 6 |  7- 9 || total
---------------------------+-------+-------+-------++-------
  Melee: Dagger            |     2 |    51 |       ||    53
         Tailslap          |       |    10 |     6 ||    16
         Punch             |       |     2 |       ||     2
         Trident           |       |       |    40 ||    40
   Cast: Necrotise         |    67 |    59 |   187 ||   313
  Evoke: Wand              |       |     2 |     6 ||     8
    Use: Potion            |       |     5 |     5 ||    10
   Stab: Distracted        |       |     1 |       ||     1
 Armour: Robe              |     2 |     7 |    32 ||    41
  Dodge: Dodged            |     7 |    37 |    84 ||   128
